 Dungeon Crawl Stone Soup version 0.17.0-22-g5edae84 (console) character file.

215 gw the Cudgeler (level 5, 32/49 HPs)
             Began as a Deep Dwarf Gladiator on Nov 13, 2015.
             Was an Initiate of Ru.
             Quit the game on level 3 of the Dungeon.
             The game lasted 00:07:22 (2349 turns).

gw the Cudgeler (Deep Dwarf Gladiator)              Turns: 2349, Time: 00:07:22

Health: 32/49      AC:  0    Str: 14    XL:     5   Next: 60%
Magic:  6/6        EV: 21    Int:  8    God:    Ru [......]
Gold:   157        SH:  0    Dex: 19    Spells: 0 memorised, 4 levels left

rFire  . . .     SeeInvis .     (weapon currently unavailable)
rCold  . . .     Clarity  .     (armour currently unavailable)
rNeg   . . .     SustAt   .     (shield currently unavailable)
rPois  .         Gourm    .     (helmet currently unavailable)
rElec  .         Spirit   .     (cloak currently unavailable)
rCorr  .         Warding  .     (gloves currently unavailable)
rMut   .         Stasis   .     (boots currently unavailable)
MR     .....                    (no amulet)
Stlth  ++........               (ring currently unavailable)
                                (ring currently unavailable)

@: bat-form, flying, non-regenerating, very quick, not resistant to hostile
enchantments, unstealthy
A: damage resistance, recharge devices, sense surroundings 1, slow regeneration
3
a: Device Recharging, Renounce Religion


You were on level 3 of the Dungeon.
You worshipped Ru.
Ru was noncommittal.
You were hungry.
You were in bat-form.
You visited 1 branch of the dungeon, and saw 3 of its levels.

You collected 157 gold pieces.

Inventory:

Hand Weapons
 a - a +0 flail (melded)
Missiles
 d - 3 throwing nets
 h - 25 bolts
Armour
 b - a +0 leather armour (melded)
 k - a +2 helmet (melded)
 q - a +0 pair of gloves (melded)
Wands
 e - a wand of heal wounds (3)
Scrolls
 g - 3 scrolls of remove curse
 j - a scroll of identify
 m - a scroll of recharging
 p - a scroll of immolation {unknown}
Potions
 n - a potion of curing
 o - a potion of heal wounds {unknown}
Comestibles
 c - a slice of pizza
 f - a bread ration
 l - a beef jerky


   Skills:
 + Level 3.0 Fighting
 * Level 5.0 Maces & Flails
 - Level 1.7 Throwing
 + Level 2.4 Armour
 - Level 3.2 Dodging
 - Level 1.3 Evocations


You had 4 spell levels left.
You didn't know any spells.

Dungeon Overview and Level Annotations

Branches:
Dungeon (3/15)

Altars:
Kikubaaqudgha
Okawaru
Ru

Annotations:
D:3 Natasha


Innate Abilities, Weirdness & Mutations

You are resistant to damage.
You can recharge devices by infusing magical energy.
You passively map a small area around you.
You do not regenerate naturally.


Message History

ATTACK MOVE TO (-1,0) Really attack barehanded?
Okay, then.
ATTACK MOVE TO (-1,0) Really attack barehanded?
Okay, then.
ATTACK MOVE TO (-1,0) Really attack barehanded?
Okay, then.
ATTACK MOVE TO (-1,0) Really attack barehanded?
Okay, then.
ATTACK MOVE TO (-1,0) Really attack barehanded?
Okay, then.
ATTACK MOVE TO (-1,0) Really attack barehanded?
Okay, then.
Infinite lua loop detected, aborting.
Are you sure you want to abandon this character and quit the game? (Confirm with "yes".)

< ###### * #....# #.##.#
#.##.# * #.##'## ####*
#...... #... #####.....#
, ,
##.#...#######...#......
>.....hb...........###.#
,
.......####............#
,
...#..##################
.,....#.................
,
.....,#..#...#...#...#..
##### #_................
, ,#..#...#...#...#.. *
* #.................
##################


You could see Natasha.

Table legend:
 A = Turns spent in this place as a percentage of turns spent in the entire game.
 B = Non-inter-level travel turns spent in this place as a percentage of non-inter-level travel turns spent in the entire game.
 C = Inter-level travel turns spent in this place as a percentage of turns spent in this place.
 D = Turns resting spent in this place as a percentage of non-inter-level travel turns spent in this place.
 E = Turns spent auto-exploring this place as a percentage of non-inter-level travel turns spent in this place.
 F = Non-inter-level travel turns spent in this place divided by the number of levels of this place that you've seen.
                   A       B       C       D       E      F
               +-------+-------+-------+-------+-------+----------------------
         Total | 100.0 | 100.0 |   0.1 |   0.0 |   1.4 | 3012.3
       Dungeon | 100.0 | 100.0 |   0.1 |   0.0 |   1.4 | 3012.3
               +-------+-------+-------+-------+-------+----------------------

Table legend:
 A = Kills in this place as a percentage of kills in entire the game.
 B = Kills by you in this place as a percentage of kills by you in the entire game.
 C = Kills by friends in this place as a percentage of kills by friends in the entire game.
 D = Other kills in this place as a percentage of other kills in the entire game.
 E = Experience gained in this place as a percentage of experience gained in the entire game.
 F = Experience gained in this place divided by the number of levels of this place that you have seen.
                   A       B       C       D       E      F
               +-------+-------+-------+-------+-------+----------------------
         Total | 100.0 | 100.0 |  -nan |  -nan | 100.0 | 102.7
       Dungeon | 100.0 | 100.0 |  -nan |  -nan | 100.0 | 102.7
               +-------+-------+-------+-------+-------+----------------------

Vanquished Creatures
  A crimson imp (D:3)
  Ijyb (D:3)
  Natasha (D:3)
  6 adders (D:2)
  An ooze (D:1)
  4 worms
  2 giant geckos (D:2)
  4 giant cockroaches
  4 hobgoblins
  2 jackals (D:2)
  7 kobolds
  A ball python (D:1)
  9 bats
  6 giant newts
  11 goblins
  4 rats
64 creatures vanquished.

Notes
Turn   | Place    | Note
--------------------------------------------------------------
     0 | D:1      | gw the Deep Dwarf Gladiator began the quest for the Orb.
     0 | D:1      | Reached XP level 1. HP: 19/19 MP: 1/1
   143 | D:1      | Reached XP level 2. HP: 23/26 MP: 2/2
   194 | D:1      | Reached skill level 1 in Evocations
   309 | D:1      | Reached skill level 1 in Armour
   419 | D:1      | Reached XP level 3. HP: 25/32 MP: 3/3
  1170 | D:2      | Reached skill level 4 in Maces & Flails
  1178 | D:2      | Reached XP level 4. HP: 34/39 MP: 5/5
  1367 | D:2      | Found an iron altar of Okawaru.
  1704 | D:3      | Found an ancient bone altar of Kikubaaqudgha.
  1772 | D:3      | Noticed Ijyb
  1931 | D:3      | Killed Ijyb
  1931 | D:3      | Reached XP level 5. HP: 36/46 MP: 6/6
  1993 | D:3      | Noticed Natasha
  1995 | D:3      | Killed Natasha
  1995 | D:3      | Reached skill level 5 in Maces & Flails
  2214 | D:3      | Found a sacrificial altar of Ru.
  2228 | D:3      | Became a worshipper of Ru the Awakened
  2275 | D:3      | Noticed an ogre
  2345 | D:3      | Noticed Natasha
  2349 | D:3      | Quit the game

Action                   |  1- 3 |  4- 6 || total
-------------------------+-------+-------++-------
Melee: Flail             |   129 |    95 ||   224
Evoke: Wand              |     1 |     1 ||     2
  Use: Scroll            |     6 |     2 ||     8
       Potion            |     3 |       ||     3
 Stab: Sleeping          |     1 |     2 ||     3
  Eat: Chunk             |     1 |     4 ||     5

Vault maps used:
D:1:      lemuel_arrival_cross
D:2:      okawaru_gym_becter
D:3:      lemuel_upstairs_altar, kiku_gazebo_pond_becter,
          lemuel_coloured_pillars_altar, minmay_cut_off, uniq_iyjb, uniq_natasha
